Map: Pillars of Gold LE

Players

Dream - Winner!

  • Race: Terran Terran
  • Spawn Location: 7:00

SKillous

  • Race: Protoss Protoss
  • League: Master
  • Spawn Location: 1:00

Event: Cheeseadelphia Winter Championship 2021

VOD

Have the link to the VOD?

Description

Time

  • Played on: Jan. 23, 2021, 1:54 p.m.
  • Length: 7:19

All games in this series

Show
View Real Time Build Order
Export as new Build Order

Dream Terran - Winner!

Build Orders:  

Get SALT Encoding   

  12  0:00  SCV  
  13  0:12  SCV  
  14  0:17  Supply Depot  
  14  0:24  SCV  
  15  0:35  Refinery  
  15  0:39  SCV  
  16  0:45  Barracks  
  16  0:51  SCV  
  17  1:03  SCV  
  18  1:15  SCV  
  19  1:22  Engineering Bay  
  19  1:33  Marine  
  19  1:34  Orbital Command  
  20  1:42  Factory  
  20  1:50  Engineering Bay  
  19  1:56  Barracks Reactor  
  19  2:01  SCV  
  20  2:02  Supply Depot  
  20  2:13  SCV  
  21  2:23  Command Center  
  21  2:25  SCV  
  22  2:35  Hellion  
  24  2:38  Hellion  
  26  2:46  Starport  
  26  2:51  Supply Depot  
  26  2:55  SCV  
  27  3:00  Hellion  
  31  3:05  Hellion  
  31  3:13  SCV  
  31  3:19  Refinery  
  32  3:23  Medivac  
  32  3:25  SCV  
  35  3:34  Marine x2  
  35  3:36  Factory Tech Lab  
  35  3:37  SCV  
  35  3:40  Orbital Command  
  38  3:49  SCV  
  38  3:52  Bunker  
  38  3:53  Marine x2  
  41  4:01  SCV  
  42  4:03  Siege Tank  
  45  4:11  Marine  
  45  4:12  Marine  
  45  4:13  SCV  
  48  4:26  Supply Depot  
  48  4:27  SCV x2  
  48  4:30  Marine  
  49  4:31  Marine  
  50  4:38  Orbital Command  
  50  4:39  Liberator  
  50  4:42  SCV  
  52  4:46  Siege Tank  
  52  4:51  Marine  
  52  4:52  Marine  
  55  4:54  SCV  
  53  5:05  SCV  
  53  5:06  SCV  
  55  5:07  Command Center  
  55  5:18  SCV x2  
  55  5:19  Marine x2  
  59  5:22  Supply Depot  
  59  5:27  Starport Tech Lab, Siege Tank  
  62  5:39  Supply Depot  
  62  5:43  Marine x2  
  62  5:44  SCV x2  
  66  5:51  Bunker, Supply Depot  
  66  5:52  Raven  
  66  5:56  SCV x2  
  70  6:00  Supply Depot  
  70  6:01  Marine x2  
  71  6:08  SCV  
  71  6:10  SCV  
  69  6:19  Marine x2  
  69  6:20  Siege Tank, SCV  
  75  6:29  SCV  
  76  6:36  Barracks  
  76  6:37  Marine x2  
  76  6:38  Orbital Command  
  76  6:39  Barracks  
  75  6:41  Refinery  
  75  6:42  SCV x2, Refinery  
  76  6:55  Marine x2  
  76  6:57  SCV x2  
Show
View Real Time Build Order
Export as new Build Order

SKillous Protoss 

Build Orders:  

Get SALT Encoding   

  12  0:00  Probe  
  13  0:12  Probe  
  14  0:20  Pylon  
  14  0:24  Probe  
  15  0:38  Probe (Chrono Boost)  
  15  0:39  Gateway  
  16  0:47  Probe (Chrono Boost)  
  16  0:48  Assimilator  
  17  0:52  Probe  
  18  1:04  Probe  
  19  1:16  Probe  
  20  1:27  Cybernetics Core  
  20  1:30  Probe  
  20  1:31  Pylon  
  21  1:42  Probe  
  22  1:56  Probe  
  22  2:01  Adept (Chrono Boost)  
  25  2:16  Nexus  
  25  2:19  Warp Gate  
  25  2:24  Stalker (Chrono Boost)  
  27  2:30  Probe  
  27  2:35  Assimilator  
  28  2:42  Probe  
  29  2:46  Pylon  
  29  2:52  Stalker  
  31  3:04  Probe  
  32  3:12  Gateway  
  32  3:15  Shield Battery  
  32  3:19  Probe  
  33  3:21  Pylon  
  33  3:29  Probe  
  33  3:31  Probe  
  35  3:39  Gateway  
  35  3:41  Probe  
  35  3:43  Probe (Chrono Boost)  
  36  3:52  Robotics Facility  
  36  3:54  Probe (Chrono Boost)  
  37  3:58  Probe (Chrono Boost)  
  39  4:07  Stalker, Probe (Chrono Boost)  
  39  4:08  Stalker  
  39  4:09  Probe  
  43  4:16  Shield Battery  
  44  4:19  Probe  
  44  4:21  Probe  
  46  4:31  Probe  
  44  4:32  Stalker x2  
  44  4:36  Probe (Chrono Boost)  
  46  4:43  Probe (Chrono Boost)  
  41  4:49  Probe (Chrono Boost)  
  41  4:52  Observer  
  44  4:54  Probe (Chrono Boost)  
  44  4:58  Probe (Chrono Boost)  
  45  5:00  Probe (Chrono Boost)  
  45  5:03  Probe (Chrono Boost)  
  45  5:05  Twilight Council  
  45  5:06  Sentry  
  49  5:10  Probe  
  49  5:14  Probe  
  49  5:19  Stalker  
  51  5:22  Pylon, Probe  
  51  5:24  Observer  
  51  5:26  Probe  
  54  5:36  Charge (Chrono Boost)  
  54  5:40  Probe x2  
  54  5:41  Pylon, Nexus  
  56  5:52  Stalker  
  56  5:53  Zealot  
  60  5:58  Gateway  
  60  6:03  Shield Battery  
  62  6:14  Probe x2  
  55  6:19  Stalker x2  
  54  6:26  Probe  
  54  6:28  Probe  
  51  6:38  Pylon  
  51  6:39  Probe  
  52  6:44  Zealot x2  
  52  6:45  Probe  
  57  6:53  Zealot  
  52  6:55  Probe  
Tags
 
Add a new tag
Caveats
  • Supply blocks, unpowered buildings, or Contaminate may cause inaccurate times.
  • Supply counts are checked every 10 seconds.